 Dungeon Crawl Stone Soup version 0.27.1-3-gb3d3a73c9e (webtiles) character file.

Game seed: 515829522071382822

352 Descartes the Firebug (level 6, -4/34 HPs)
             Began as a Deep Elf Wanderer on Oct 8, 2021.
             Killed by divine providence
             ... invoked by an orc priest
              (13 damage)
             ... on level 4 of the Dungeon.
             The game lasted 00:05:57 (4295 turns).

Descartes the Firebug (Deep Elf Wanderer)           Turns: 4295, Time: 00:05:58

Health: -4/34      AC:  5    Str:  8    XL:     6   Next: 34%
Magic:  5/12       EV: 11    Int: 19    God:
Gold:   83         SH:  0    Dex: 15    Spells: 7/11 levels left

rFire    + . .     SeeInvis .   d - +2 dagger (venom)
rCold    . . .     Faith    .   (no shield)
rNeg     . . .     Spirit   .   x - +2 robe {rC+}
rPois    .         Reflect  .   (no helmet)
rElec    .         Harm     .   (no cloak)
rCorr    +         Rampage  .   c - +0 pair of gloves
Will     .....                  (no boots)
Stlth    ++........             (no amulet)
HPRegen  0.11/turn              o - ring of fire
MPRegen  0.13/turn              v - ring of resist corrosion

@: no status effects
A: no striking features
a: no special abilities


You were on level 4 of the Dungeon.
You visited 1 branch of the dungeon, and saw 4 of its levels.

You collected 83 gold pieces.

Inventory:

Hand Weapons
 a - a +2 spear
 b - a +0 mace
 d - a +2 dagger of venom (weapon)
Missiles
 e - 76 stones
 g - 35 poisoned darts
 j - 35 arrows
Armour
 c - a +0 pair of gloves (worn)
 i - a +0 pair of gloves
 r - a +0 kite shield
 x - a +2 robe of cold resistance (worn)
Jewellery
 o - a ring of fire (left hand)
 v - a ring of resist corrosion (right hand)
Scrolls
 f - 2 scrolls of fog {unknown}
 h - a scroll of amnesia {unknown}
 l - 2 scrolls of fear {unknown}
 m - a scroll of blinking {unknown}
 p - a scroll of enchant armour {unknown}
 q - 2 scrolls of noise {unknown}
 w - a scroll of identify {unknown}
Potions
 k - 2 potions of curing {unknown}
 n - a potion of resistance {unknown}
 s - a potion of degeneration {unknown}
 t - a potion of berserk rage {unknown}
 u - a potion of heal wounds {unknown}


   Skills:
 - Level 1.5 Fighting
 - Level 1.0 Armour
 - Level 1.2 Stealth
 - Level 1.0 Shields
 - Level 3.0 Spellcasting
 + Level 2.3 Conjurations
 - Level 4.0 Hexes
 + Level 6.5 Fire Magic


You had 7 spell levels left.
You knew the following spells:

 Your Spells              Type           Power      Damage    Failure   Level
a - Foxfire               Conj/Fire      100%       2x1d9     2%          1
b - Ignite Poison         Fire/Tmut/Pois 16%        N/A       19%         3

Your spell library contained the following spells:

 Spells                   Type           Power      Damage    Failure   Level


Dungeon Overview and Level Annotations

Branches:
Dungeon (4/15)
 Temple: D:4-7

Altars:
Cheibriados


Message History

Confirm with . or Enter, or press ? or * to list all spells.
You feel a surge of power!
You conjure some foxfire!
Your foxfire dissipates! x2
Unknown command.
Casting: Foxfire (safe; 2% risk of failure)
Confirm with . or Enter, or press ? or * to list all spells.
You feel a surge of power!
You conjure some foxfire!
A kobold comes into view. It is wielding a +0 short sword.
An orc priest comes into view. It is wielding a +0 short sword.
Unknown command.
The foxfire hits the orc priest.
The orc priest is moderately wounded.
Your foxfire dissipates! x2
An orc comes into view. It is wielding a +0 club.
The orc priest invokes the aid of Beogh against you.
Beogh smites you!
Your foxfire is smitten.
Casting: Foxfire (safe; 2% risk of failure)
Confirm with . or Enter, or press ? or * to list all spells.
You feel a surge of power!
You conjure some foxfire!
Your foxfire dissipates!
The foxfire hits the orc!
You kill the orc!
An orc priest comes into view. It is wielding a +0 mace.
Casting: Foxfire (safe; 2% risk of failure)
Confirm with . or Enter, or press ? or * to list all spells.
You feel a surge of power!
You conjure some foxfire!
The foxfire hits the kobold.
You kill the kobold!
The orc priest invokes the aid of Beogh against you.
Beogh smites you!
* * * LOW HITPOINT WARNING * * *
You hear a shout!
There are monsters nearby!
Unknown command.
You hear a shout!
An orc priest comes into view. It is wielding a +0 mace.
The orc priest mumbles some strange prayers to Beogh against you.
Beogh smites you!
You die...

##.## #..#
#..# ##..#
##..##
##...#
##..###
##§.##
##@§##
##§§## #
##§§##
#..###vv##
#...<§##
#..)v##
#...oo#
.....)o.#
.........


You could see 3 orc priests.

Vanquished Creatures
  Sigmund (D:2)
  Natasha (thrice) (D:3)
  A hound zombie (D:3)
  4 adders
  3 worms
  3 dart slugs
  2 orcs (D:4)
  6 endoplasms
  4 goblins
  6 jackals (D:2)
  2 quokkas
  2 ball pythons
  3 bats
  4 frilled lizards
  6 kobolds
  5 rats
55 creatures vanquished.

Vanquished Creatures (others)
  335 foxfires
335 creatures vanquished.

Grand Total: 390 creatures vanquished

Notes
Turn   | Place    | Note
-------+----------+-------------------------------------------
     0 | D:1      | Descartes the Deep Elf Wanderer began the quest for the
                  | Orb.
     0 | D:1      | Descartes set off with the following items: a +2 spear, a
                  | +0 mace, a +0 robe; and the following spell memorised:
                  | Foxfire; and the following spells available to memorise:
                  | Ignite Poison
     0 | D:1      | Reached XP level 1. HP: 12/12 MP: 6/6
   349 | D:1      | Reached skill level 1 in Fire Magic
   511 | D:1      | Reached XP level 2. HP: 16/16 MP: 4/8
   553 | D:1      | Reached skill level 2 in Fire Magic
  1569 | D:2      | Reached skill level 3 in Fire Magic
  1569 | D:2      | Reached XP level 3. HP: 18/20 MP: 4/9
  1809 | D:2      | Found a faded altar of an unknown god.
  2028 | D:2      | Noticed Sigmund
  2049 | D:2      | Killed Sigmund
  2050 | D:2      | Reached skill level 5 in Fire Magic
  2050 | D:2      | Reached XP level 4. HP: 13/25 MP: 1/10
  2050 | D:2      | Reached XP level 5. HP: 16/29 MP: 1/11
  2054 | D:2      | Learned a level 3 spell: Ignite Poison
  2605 | D:2      | Reached skill level 6 in Fire Magic
  2832 | D:3      | Found a snail-covered altar of Cheibriados.
  3010 | D:3      | Reached skill level 1 in Conjurations
  3581 | D:3      | Reached XP level 6. HP: 34/34 MP: 7/12
  3664 | D:3      | Noticed Natasha
  3671 | D:3      | Killed Natasha
  3765 | D:3      | Noticed Natasha
  3771 | D:3      | Killed Natasha
  3836 | D:3      | Noticed Natasha
  3843 | D:3      | Killed Natasha
  4295 | D:4      | Killed from afar by an orc priest

Illustrated notes

Levels and vault maps discovered:
D:1:      psy_arrival_conway, layout_basic, minmay_misc_feat_iff,
          grunt_decor_fettered
D:2:      layout_loops_ring, ebering_ecumenical_altar_mist, kennysheep_nub,
          uniq_sigmund
D:3:      layout_basic, cheibrodos_worm_habitat, uniq_natasha
D:4:      layout_layer_cave, dk_xom_monty_hall,
          mainiacjoe_overflow_large_starburst, uniq_eustachio,
          uniq_crazy_yiuf_cottage, uniq_grinder

Skill      XL: |  1  2  3  4  5  6 |
---------------+-------------------+-----
Fire Magic     | 1 3 5 6 |  6.5
Conjurations   | 1 2 |  2.3
Fighting       | |  1.5
Armour         | |  1.0
Stealth        | |  1.2
Shields        | |  1.0
Spellcasting   | |  3.0
Hexes          | |  4.0

Action                   |  1- 3 |  4- 6 || total
-------------------------+-------+-------++-------
 Cast: Foxfire           |    98 |   107 ||   205
Armor: Robe              |     3 |     4 ||     7
Dodge: Dodged            |     8 |     9 ||    17
